 Dungeon Crawl Stone Soup version 0.28.0-53-g5a82cb258f (webtiles) character file.

Game seed: 14963829158317455541

29 Zeld the Skirmisher (level 3, 0/49 HPs)
             Began as a Minotaur Berserker on June 9, 2022.
             Was a Follower of Trog.
             Slain by Terence
             ... wielding a +0 flail
              (7 damage)
             ... on level 2 of the Dungeon.
             The game lasted 00:00:53 (695 turns).

Zeld the Skirmisher (Minotaur Berserker)             Turns: 695, Time: 00:00:55

Health: 0/49       AC:  2    Str: 23    XL:     3   Next: 1%
Magic:  2/2        EV: 12    Int:  4    God:    Trog [*.....]
Gold:   43         SH:  0    Dex:  9    Spells: 2/2 levels left

rFire   . . .      SeeInvis .   a - +0 hand axe
rCold   . . .      Faith    .   (no shield)
rNeg    . . .      Spirit   .   b - +0 animal skin
rPois   .          Reflect  .   (helmet restricted)
rElec   .          Harm     .   (no cloak)
rCorr   .          Rampage  .   (no gloves)
Will    .....                   (no boots)
Stlth   ..........              (no amulet)
HPRegen 0.16/turn               (no ring)
MPRegen 0.08/turn               (no ring)

@: berserking, lethally poisoned (0 -> -4), very quick
A: horns 2, retaliatory headbutt
a: Renounce Religion, Berserk


You were on level 2 of the Dungeon.
You worshipped Trog.
Trog was aware of your devotion.
You visited 1 branch of the dungeon, and saw 2 of its levels.

You collected 43 gold pieces.

Inventory:

Hand Weapons
 a - a +0 hand axe (weapon)
Armour
 b - a +0 animal skin (worn)
Scrolls
 c - a scroll of enchant weapon {unknown}
 d - a scroll of torment {unknown}
 e - 2 scrolls of teleportation {unknown}
 g - a scroll of holy word {unknown}
 h - a scroll of blinking {unknown}
Potions
 f - a potion of flight {unknown}
 i - a potion of berserk rage {unknown}
 j - a potion of lignification {unknown}


   Skills:
 * Level 4.2 Fighting
 * Level 4.1 Axes
 + Level 2.8 Armour
 + Level 2.5 Dodging


You had 2 spell levels left.
You didn't know any spells.
Your spell library was empty.

Dungeon Overview and Level Annotations

Branches:
Dungeon (2/15)

Altars:

Shops:
D:1 [

Annotations:
D:2 Terence


Innate Abilities, Weirdness & Mutations

You have a pair of horns on your head.
You reflexively headbutt those who attack you in melee.


Message History

You miss the adder. Your headbutt misses the adder.
The adder is almost dead.
You closely miss Terence. The adder bites you.
You are poisoned.
The adder poisons you! Terence barely misses you. The adder bites you.
You are more poisoned.
The adder poisons you!
You feel very sick.
You feel sick.
You feel sick. The adder completely misses you.
You feel sick.
You feel sick.
You feel sick. The adder closely misses you.
You feel sick.
Terence bares his teeth.
A red film seems to cover your vision as you go berserk!
You feel yourself moving faster!
You feel mighty!
You feel sick. The adder bites you.
* * * LOW HITPOINT WARNING * * *
You are more poisoned.
The adder poisons you!
You miss the adder.
The adder is almost dead.
* * * LOW HITPOINT WARNING * * *
You feel sick. The adder barely misses you. You furiously retaliate!
You headbutt the adder!
You kill the adder!
Trog accepts your kill.
You have reached level 3!
Your experience leads to an increase in your attributes!
Increase (S)trength, (I)ntelligence, or (D)exterity?
You feel stronger. x2
You feel sick. Terence hits you but does no damage.
You hit Terence. You headbutt Terence!
Terence is severely wounded.
You hit the rat.
You kill the rat!
Trog accepts your kill.
You feel sick. Terence hits you with a +0 flail!
You die...

#..##########.#.#
#..#.########.#..
#..#........#.#.# .........
#.)#..........#.# #........
#..#..........#.# #........
#..#(......<..#.# #........
#..#..........#.# #........
#..#..........#.# #........
##..############@# #........
....)...........@####........
.......#.......†....r........
.......+>....................
.......##########...#........
.......# #...#........
.......# #...#........
.......# #####!.......
.......# ####.....


You could see Terence.

Vanquished Creatures
  An adder (D:2)
  A dart slug (D:1)
  An endoplasm (D:1)
  2 giant cockroaches
  A goblin (D:2)
  A hobgoblin (D:1)
  3 quokkas (D:1)
  A ball python (D:1)
  2 bats
  A frilled lizard (D:1)
  2 kobolds
  4 rats
20 creatures vanquished.

Notes
Turn   | Place    | Note
-------+----------+-------------------------------------------
     0 | D:1      | Zeld the Minotaur Berserker began the quest for the Orb.
     0 | D:1      | Reached XP level 1. HP: 19/19 MP: 0/0
    23 | D:1      | Noticed a golden eye
    34 | D:1      | Found a faded altar of an unknown god.
    34 | D:1      | Noticed a great orb of eyes
    43 | D:1      | Noticed a floating eye
    54 | D:1      | Noticed a floating eye
   228 | D:1      | Reached XP level 2. HP: 27/27 MP: 1/1
   474 | D:1      | Found Ikiuwk's Antique Armour Boutique.
   679 | D:2      | Noticed Terence
   694 | D:2      | Reached XP level 3. HP: 9/33 MP: 2/2
   695 | D:2      | Slain by Terence

Illustrated notes

Levels and vault maps discovered:
D:1:      dpeg_arrival_rhombus, layout_basic, serial_shops,
          nicolae_shop_statue_plus, hellmonk_ecumenical_altar_watching_god,
          minmay_indecisive_spiral
D:2:      layout_basic, wad_floor_pattern_2, uniq_natasha, uniq_terence,
          uniq_crazy_yiuf_cottage

Skill      XL: |  1  2 |
---------------+-------+-----
Fighting       | 4 |  4.2
Axes           | 4 |  4.1
Armour         | |  2.8
Dodging        | |  2.5

Action                   || total
-------------------------++-------
Melee: Hand axe          ||    32
       Headbutt          ||     4
Invok: Berserk           ||     1
Armor: Animal skin       ||     8
Dodge: Dodged            ||    24
